 Dungeon Crawl Stone Soup version 0.29-a0-668-g12ee2bf84d (console) character file.

Game seed: 7189615033252693614

401 om the Insei (level 6, -1/47 HPs)
             Began as a Merfolk Transmuter on June 23, 2022.
             Was a Follower of Wu Jian.
             Slain by Eustachio
             ... wielding a +0 falchion
              (3 damage)
             ... on level 5 of the Dungeon.
             The game lasted 00:09:27 (5254 turns).

om the Insei (Merfolk Transmuter)                   Turns: 5254, Time: 00:09:27

Health: -1/47      AC:  2    Str: 13    XL:     6   Next: 85%
Magic:  9/10       EV: 13    Int: 12    God:    Wu Jian [*.....]
Gold:   185        SH:  0    Dex: 14    Spells: 8/11 levels left

rFire   . . .      SeeInvis .     - Unarmed
rCold   . . .      Faith    .   (no shield)
rNeg    . . .      Spirit   .   a - +0 robe
rPois   .          Reflect  .   (helmet currently unavailable)
rElec   .          Harm     .   (no cloak)
rCorr   .          Rampage  .   (no gloves)
Will    .....                   (boots currently unavailable)
Stlth   +.........              g - amulet of regeneration
HPRegen 0.95/turn               y - +4 ring of slaying
MPRegen 0.12/turn               (no ring)

@: mighty, appendages
A: horns 2, (nimble swimmer 2), mertail
a: End Transformation, Renounce Religion


You were on level 5 of the Dungeon.
You worshipped Wu Jian.
Wu Jian was aware of your devotion.
You had temporarily grown beastly horns.
You visited 1 branch of the dungeon, and saw 6 of its levels.

You collected 214 gold pieces.
You spent 29 gold pieces at shops.

Inventory:

Armour
 a - a +0 robe (worn)
 w - a +0 helmet (melded)
Jewellery
 g - an amulet of regeneration (around neck)
 i - a +6 ring of strength
 s - a ring of protection from cold
 y - a +4 ring of slaying (left hand)
Wands
 b - a wand of charming (8)
Scrolls
 c - 3 scrolls of magic mapping
 d - 2 scrolls of fog
 e - a scroll of teleportation {unknown}
 f - 3 scrolls of torment
 h - a scroll of noise {unknown}
 n - 3 scrolls of fear
 p - a scroll of immolation
 t - a scroll of silence {unknown}
 u - a scroll of vulnerability {unknown}
Potions
 j - 2 potions of curing
 k - 2 potions of cancellation
 m - a potion of resistance {unknown}
 o - a potion of degeneration {unknown}
 q - 2 potions of flight
 r - a potion of heal wounds {unknown}
 v - a potion of attraction {unknown}
 x - a potion of haste {unknown}


   Skills:
 - Level 3.0 Fighting
 + Level 4.6 Dodging
 * Level 5.8 Unarmed Combat
 - Level 3.0 Spellcasting
 - Level 4.0 Transmutations


You had 8 spell levels left.
You knew the following spells:

 Your Spells              Type           Power      Damage    Failure   Level
a - Beastly Appendage     Tmut           22%        N/A       4%          1
b - Wereblood             Tmut           11%        N/A       7%          2

Your spell library contained the following spells:

 Spells                   Type           Power      Damage    Failure   Level
 Freeze                   Ice            4%         1d3       24%         1
 Spider Form              Tmut/Pois      6%         N/A       32%         3
 Call Canine Familiar     Summ           1%         N/A       58%         3
 Frozen Ramparts          Ice            2%         1d2       58%         3
 Portal Projectile        Hex/Tloc       2%         N/A       58%         3
 Ice Form                 Ice/Tmut       6%         N/A       71%         4
 Hailstorm                Conj/Ice       1%         3d3       94%         4
 Leda's Liquefaction      Hex/Erth       0%         N/A       94%         4


Dungeon Overview and Level Annotations

Branches:
Dungeon (6/15)
 Temple: D:4-7

Altars:
Uskayaw
Wu Jian
Xom
The Shining One

Shops:
D:1 =*   D:4 (*

Annotations:
D:3 1 runed translucent door, Crazy Yiuf
D:5 Eustachio
D:6 1 runed translucent door, Newt's ghost, novice DsAK


Innate Abilities, Weirdness & Mutations

You have temporarily grown beastly horns.
((You are very nimble when in or above water. (Stealth+, EV+, Speed+++)))
Your lower body shifts to a powerful aquatic tail in water.


Message History

The gnoll misses you.
The gnoll sergeant hits you from afar with a +0 spear.
* * * LOW HITPOINT WARNING * * *
It was a potion of might.
You feel very mighty all of a sudden. The gnoll completely misses you.
Eustachio mumbles some strange words.
Eustachio blinks!
Eustachio misses you.
As you read the scroll of fear, it crumbles to dust.
You assume a fearsome visage.
Eustachio looks frightened!
The gnoll sergeant looks frightened!
The gnoll looks frightened! x2
Eustachio gestures wildly while chanting.
Eustachio blinks!
Eustachio gestures wildly while chanting.
Eustachio blinks!
Eustachio mumbles some strange words.
Eustachio blinks!
You hit Eustachio.
Your attack snaps Eustachio out of his fear.
Eustachio is lightly wounded.
Eustachio hits you with a +0 falchion.
* * * LOW HITPOINT WARNING * * *
Unknown command.
Okay, then.
Okay, then.
You are too injured to fight recklessly!
Casting: Wereblood (safe; 7% risk of failure)
Confirm with . or Enter, or press ? or * to list all spells.
You grow a pair of large bovine horns.
Your +0 helmet melds into your body.
Eustachio hits you with a +0 falchion.
* * * LOW HITPOINT WARNING * * *
You barely miss Eustachio. Your punch misses Eustachio.
Eustachio is lightly wounded.
Eustachio hits you with a +0 falchion!
* * * LOW HITPOINT WARNING * * *
You barely miss Eustachio.
Eustachio is lightly wounded.
Eustachio hits you with a +0 falchion.
You die...

#...# #.##.##
#...## ####..#
#....# ##.#
#....# #.##
#....# #..#
#...## ##.#
#..## #.##
#..# ##.# #..#
#.## #..# #@.#
#..# ##@#
#..## #.##
#...# #..#
#...# ##.##
#...# #..#
....#### #..#
.......####
##)###
..........###
#...#
............##
#.g......
.............#
.........
.............#
#.........


You could see Eustachio.

Vanquished Creatures
  Pargi (D:4)
  A necrophage (D:4)
  A jelly (D:4)
  A hound (D:4)
  An orc wizard (D:4)
  Robin (D:4)
  A gnoll (D:5)
  5 adders
  3 worms
  2 dart slugs
  3 orcs (D:4)
  7 ball pythons
  5 bats
  8 endoplasms
  3 giant cockroaches
  10 goblins
  10 hobgoblins
  7 kobolds
  3 quokkas
  A frilled lizard (D:1)
  7 rats
81 creatures vanquished.

Vanquished Creatures (others)
  6 plants (D:2)
6 creatures vanquished.

Grand Total: 87 creatures vanquished

Notes
Turn   | Place    | Note
-------+----------+-------------------------------------------
     0 | D:1      | om the Merfolk Transmuter began the quest for the Orb.
     0 | D:1      | Reached XP level 1. HP: 15/15 MP: 3/3
   168 | D:1      | Found Xeffots's Jewellery Shop.
   216 | D:1      | Reached XP level 2. HP: 19/21 MP: 3/5
   789 | D:1      | Found Ymeles Zecorgh's Assorted Antiques.
   797 | D:1      | Bought a scroll labelled NEAKAF POTIUSE for 29 gold pieces
  1102 | D:2      | Reached XP level 3. HP: 8/27 MP: 6/6
  1341 | D:2      | Reached skill level 4 in Unarmed Combat
  2033 | D:3      | Found a faded altar of an unknown god.
  2115 | D:3      | Found an ornate altar of the Wu Jian Council.
  2125 | D:3      | Reached XP level 4. HP: 24/33 MP: 5/7
  2265 | D:3      | Became a worshipper of the Wu Jian Council
  2303 | D:3      | Found a hide-covered altar of Uskayaw.
  2372 | D:3      | Learned a level 2 spell: Wereblood
  2383 | D:3      | Found a runed translucent door.
  2384 | D:3      | Noticed Crazy Yiuf
  3309 | D:3      | Found a shimmering altar of Xom.
  3311 | D:3      | Found a shimmering altar of Xom.
  3311 | D:3      | Found a radiant altar of Vehumet.
  3325 | D:3      | Found an ornate altar of the Wu Jian Council.
  3325 | D:3      | Found a blossoming altar of Fedhas.
  3325 | D:3      | Found a radiant altar of Vehumet.
  3888 | D:4      | Noticed Robin
  3898 | D:4      | Killed Robin
  3904 | D:4      | Reached * piety under Wu Jian
  3906 | D:4      | Reached XP level 5. HP: 38/38 MP: 5/8
  4286 | D:4      | Found Cecoisk's Fire Supplies.
  4454 | D:4      | Reached skill level 5 in Unarmed Combat
  4454 | D:4      | Reached XP level 6. HP: 44/47 MP: 7/10
  4526 | D:4      | You fall into a shaft and drop 2 floors!
  4529 | D:6      | Found a runed translucent door.
  4531 | D:6      | Noticed Newt's ghost (novice DsAK)
  4531 | D:6      | Noticed an acid dragon
  4535 | D:5      | Entered Level 5 of the Dungeon
  4764 | D:4      | Found a glowing golden altar of the Shining One.
  4915 | D:4      | Found Ryhyiw's Weapon Emporium.
  5094 | D:4      | Noticed Pargi
  5107 | D:4      | Killed Pargi
  5229 | D:5      | Noticed Eustachio
  5253 | D:5      | HP: 2/47 [Eustachio/+0 falchion (8)]
  5254 | D:5      | Slain by Eustachio

Illustrated notes

Levels and vault maps discovered:
D:1:      dpeg_arrival_houses_and_road, layout_loops_ring, serial_shops,
          shop_fountains, nicolae_shop_advertising_works
          [nicolae_subvault_shop_adworks]
D:2:      layout_loops_ring, serial_bayou_pond_b
D:3:      layout_loops_corners, mainiacjoe_overflow_small_starburst,
          nicolae_uskayaw_suspiria, doesnt_xom_only_xom,
          shapermc_ecumenical_altar_gd, item_on_display_a,
          uniq_crazy_yiuf_cottage
D:4:      layout_loops_ring, nicolae_tso_carved_into_rock, serial_shops,
          nicolae_shop_bloodbath_and_beyond, nicolae_shop_fire_sale
          [nicolae_sub_dead_trees], uniq_robin, uniq_pargi
D:5:      layout_cave_pods, lemuel_crystal_altar,
          minmay_temple_entry_purple_smoke, uniq_eustachio
D:6:      layout_loops_corners, ebering_ghost_inner_flame, uniq_pikel,
          uniq_blork_the_orc

Skill      XL: |  1  2  3  4  5  6 |
---------------+-------------------+-----
Transmutations | 3 4 |  4.0
Dodging        | 3 4 |  4.6
Fighting       | 2 3 |  3.0
Unarmed Combat | 4 5 |  5.8
Spellcasting   | 3 |  3.0

Action                   |  1- 3 |  4- 6 || total
-------------------------+-------+-------++-------
Melee: Unarmed           |   107 |   169 ||   276
       Headbutt          |    14 |    23 ||    37
       Punch             |     2 |     6 ||     8
 Cast: Beastly Appendage |    20 |    24 ||    44
       Wereblood         |       |     3 ||     3
Invok: Lunge             |       |    12 ||    12
       Whirlwind         |       |     1 ||     1
  Use: Scroll            |     4 |     2 ||     6
       Potion            |     1 |     4 ||     5
 Stab: Sleeping          |     2 |     1 ||     3
Armor: Robe              |    18 |    30 ||    48
       Skin              |    16 |       ||    16
Dodge: Dodged            |    60 |   117 ||   177

Table legend: (Time is in decaauts)
 A = Elapsed time spent in this place.
 B = Non-inter-level travel time spent in this place.
 C = Inter-level travel time spent in this place.
 D = Time resting spent in this place.
 E = Time spent auto-exploring this place.
 F = Levels seen in this place.
 G = Mean time per level.
                   A        B        C        D        E       F      G
               +--------+--------+--------+--------+--------+-----+--------+
         Total |   5226 |   5049 |    177 |    777 |   3517 |   6 |  871.0 |
       Dungeon |   5226 |   5049 |    177 |    777 |   3517 |   6 |  871.0 |
               +--------+--------+--------+--------+--------+-----+--------+

Top non-repeatable levels by time:
     D:3: 1765 daAuts
     D:4: 1241 daAuts
     D:2: 1094 daAuts
     D:1: 868 daAuts
     D:5: 248 daAuts
     D:6: 8 daAuts
